 Dungeon Crawl Stone Soup version 0.27-a0-1431-gcffa5a9b16 (webtiles) character file.

Game seed: 215460461783760872

1411 pyrow613 the Conjurer (level 8, 0/67 HPs)
             Began as a Demigod Conjurer on July 2, 2021.
             Slain by a water moccasin (4 damage)
             ... on level 6 of the Dungeon.
             The game lasted 00:16:45 (6020 turns).

pyrow613 the Conjurer (Demigod Conjurer)            Turns: 6020, Time: 00:16:46

Health: 0/67       AC:  7    Str: 12    XL:     8   Next: 19%
Magic:  3/17       EV: 13    Int: 24    God:
Gold:   249        SH:  4    Dex: 12    Spells: 3/14 levels left

rFire    + . .     SeeInvis .   a - +0 dagger (freeze)
rCold    + . .     Faith    .   q - +0 buckler
rNeg     . . .     Spirit   .   c - +0 robe
rPois    +         Reflect  .   (no helmet)
rElec    +         Harm     .   (no cloak)
rCorr    +         Rampage  .   (no gloves)
Will     .....                  o - +0 pair of boots
Stlth    ++........             g - amulet of the acrobat
HPRegen  0.21/turn              d - +4 ring of protection
MPRegen  0.15/turn              e - ring of wizardry

@: brilliant, lethally poisoned (0 -> -4), resistant
A: high mp 1, forlorn
a: no special abilities


You were on level 6 of the Dungeon.
You visited 1 branch of the dungeon, and saw 6 of its levels.

You collected 249 gold pieces.

Inventory:

Hand Weapons
 a - a +0 dagger of freezing (weapon)
Missiles
 j - 20 sling bullets
 m - 7 datura-tipped darts
 p - 12 poisoned darts
Armour
 c - a +0 robe (worn)
 o - a +0 pair of boots (worn)
 q - a +0 buckler (worn)
Jewellery
 d - a +4 ring of protection (left hand)
 e - a ring of wizardry (right hand)
 g - an amulet of the acrobat (around neck)
Scrolls
 h - 3 scrolls of identify
Potions
 f - 3 potions of flight
 l - a potion of resistance


   Skills:
 * Level 4.6 Fighting
 - Level 4.7 Dodging
 - Level 1.9 Stealth
 * Level 1.5 Shields
 - Level 0.1 Unarmed Combat
 + Level 3.8 Spellcasting
 + Level 5.5 Conjurations
 + Level 3.0 Translocations


You had 3 spell levels left.
You knew the following spells:

 Your Spells              Type           Power      Damage    Failure   Level
a - Magic Dart            Conj           100%       1d8       1%          1
b - Searing Ray           Conj           92%        3d6       1%          2
c - Iskenderun's Mystic   Conj/Tloc      37%        2d9       9%          4
d - Fulminant Prism       Conj/Hex       13%        3d9       17%         4

Your spell library contained the following spells:

 Spells                   Type           Power      Damage    Failure   Level
 Dazzling Flash           Conj/Hex       52%        N/A       5%          3
 Inner Flame              Hex/Fire       6%         N/A       16%         3
 Ozocubu's Armour         Ice            6%         N/A       16%         3
 Cause Fear               Hex            3%         N/A       45%         4
 Petrify                  Tmut/Erth      6%         N/A       45%         4
 Agony                    Necr           6%         N/A       80%         5
 Alistair's Intoxication  Tmut/Pois      4%         N/A       80%         5
 Metabolic Englaciation   Hex/Ice        3%         N/A       80%         5
 Silence                  Hex/Air        3%         N/A       80%         5
 Simulacrum               Ice/Necr       3%         N/A       100%        6
 Statue Form              Tmut/Erth      4%         N/A       100%        6
 Dragon Form              Tmut           3%         N/A       100%        7
 Discord                  Hex            3%         N/A       100%        8


Dungeon Overview and Level Annotations

Branches:
Dungeon (6/15)
 Temple: D:4-7

Annotations:
D:4 2 runed translucent doors, 4 exclusions, Grinder; benadryl's ghost, amateur FoBr


Innate Abilities, Weirdness & Mutations

Your attributes grow dramatically as you level up.
You have an increased reservoir of magic. (+10% MP)
You shall have no god before yourself.


Message History

The killer bee completely misses you. x2
The killer bee stings you but does no damage.
The killer bee barely misses you.
The killer bee stings you but does no damage.
The searing ray hits the killer bee!
You kill the killer bee!
The searing ray hits the water moccasin!
The water moccasin is heavily wounded.
You feel sick. You block the killer bee's attack.
The killer bee completely misses you. The killer bee misses you.
You block the water moccasin's attack. The killer bee barely misses you.
The searing ray hits the killer bee!
You kill the killer bee!
The searing ray hits the killer bee!
You kill the killer bee!
You feel sick. The killer bee completely misses you. The killer bee misses you.
The water moccasin misses you. The killer bee misses you. x2
Your Translocations skill increases to level 3!
You feel sick. The killer bee stings you.
* * * LOW HITPOINT WARNING * * *
You are more poisoned.
The killer bee poisons you! The water moccasin closely misses you.
The killer bee stings you but does no damage.
The killer bee misses you.
You see here a killer bee corpse.
You feel sick. The killer bee completely misses you.
The water moccasin completely misses you.
It was a potion of brilliance.
You feel clever all of a sudden.
You feel sick. The killer bee barely misses you. The water moccasin bites you.
* * * LOW HITPOINT WARNING * * *
The killer bee misses you.
Unknown command.
It was a potion of resistance.
You feel protected.
* * * LOW HITPOINT WARNING * * *
You feel sick.
The killer bee stings you but does no damage. x2
The water moccasin bites you.
You die...

.## #......# #
..###......# #
...........##
#...........#
#...........## #...##
##...........##
#....# #
#............###
#....## #
#.......###....##
##.....## #
#........#
##...@####.......## #
.........#
##.ySy...........####
.........#
##................#.
.....
##.........>........
#.....#########....#
#...### ##..## #..##
#..# #.## #### ###


You could see a water moccasin and 2 killer bees.

Vanquished Creatures
  A water moccasin (D:6)
  A black bear (D:5)
  An orc warrior (D:6)
  A sky beast (D:5)
  3 ogres
  4 scorpions
  4 killer bees (D:6)
  An orc priest (D:6)
  A jelly (D:5)
  A bullfrog skeleton (D:6)
  3 iguanas (D:5)
  4 gnolls (D:4)
  5 adders
  A white imp (D:6)
  An ufetubus (D:5)
  A worm (D:4)
  A dart slug (D:3)
  3 orcs
  6 endoplasms
  3 giant cockroaches
  10 goblins
  7 hobgoblins
  12 jackals
  2 quokkas
  12 ball pythons
  2 bats
  6 frilled lizards
  7 kobolds
  5 rats
109 creatures vanquished.

Vanquished Creatures (collateral kills)
  2 gnolls (D:4)
2 creatures vanquished.

Grand Total: 111 creatures vanquished

Notes
Turn   | Place    | Note
-------+----------+-------------------------------------------
     0 | D:1      | pyrow613 the Demigod Conjurer began the quest for the Orb.
     0 | D:1      | Reached XP level 1. HP: 14/14 MP: 5/5
   194 | D:1      | Reached skill level 4 in Conjurations
   242 | D:1      | Reached XP level 2. HP: 20/20 MP: 4/7
   929 | D:1      | Reached XP level 3. HP: 26/26 MP: 6/8
  1095 | D:1      | Learned a level 2 spell: Searing Ray
  2250 | D:2      | Reached skill level 1 in Fighting
  2339 | D:2      | Reached XP level 4. HP: 35/35 MP: 6/10
  2450 | D:2      | Learned a level 4 spell: Iskenderun's Mystic Blast
  3521 | D:4      | Reached XP level 5. HP: 41/41 MP: 5/11
  3650 | D:4      | Found a large runed translucent door.
  3650 | D:4      | Found a large runed translucent door.
  3652 | D:4      | Noticed benadryl's ghost (amateur FoBr)
  3682 | D:4      | Noticed Grinder
  3964 | D:4      | Reached skill level 1 in Translocations
  4359 | D:5      | Entered Level 5 of the Dungeon
  4433 | D:5      | Reached XP level 6. HP: 50/50 MP: 5/13
  4562 | D:5      | Reached skill level 5 in Conjurations
  4673 | D:5      | Reached XP level 7. HP: 57/57 MP: 7/14
  4723 | D:5      | Learned a level 4 spell: Fulminant Prism
  4740 | D:5      | Got the Collected Works on Transmigration
  5975 | D:6      | Reached XP level 8. HP: 67/67 MP: 7/16
  5989 | D:6      | Reached skill level 1 in Shields
  6008 | D:6      | Identified a scroll of acquirement
  6008 | D:6      | Acquired a +2 hat of intelligence
  6020 | D:6      | Slain by a water moccasin

Illustrated notes

Levels and vault maps discovered:
D:1:      roderic_chinese_lattice_arrival, layout_basic, minmay_misc_feat_chi
D:2:      layout_basic, chequers_ecumenical_altar_grove, hangedman_glass_teeth,
          minmay_hexomino_p4
D:3:      layout_basic, general_overflow_altar, minmay_circle_x
D:4:      layout_basic, ebering_ghost_disaster_area, kennysheep_small_spiral,
          uniq_grinder
D:5:      layout_layer_cave
D:6:      layout_layer_cave, minmay_temple_entry_offerings, corexii_shack,
          chequers_avenue, guppyfry_early_elven_hall, uniq_duvessa

Skill      XL: |  1  2  3  4  5  6  7  8 |
---------------+-------------------------+-----
Conjurations   | 4 5 |  5.5
Spellcasting   | 2 3 |  3.8
Dodging        | 2 3 4 |  4.7
Fighting       | 1 2 3 4 |  4.6
Translocations | 1 2 3 |  3.0
Shields        | 1 |  1.5
Stealth        | |  1.9
Unarmed Combat | |  0.1

Action                   |  1- 3 |  4- 6 |  7- 9 || total
-------------------------+-------+-------+-------++-------
Melee: Unarmed           |     2 |       |       ||     2
       Dagger            |     7 |    15 |       ||    22
Throw: Dart              |       |     1 |       ||     1
 Cast: Magic Dart        |   107 |    38 |    27 ||   172
       Searing Ray       |       |    16 |    10 ||    26
  Use: Scroll            |       |     3 |     3 ||     6
       Potion            |       |       |     4 ||     4
Armor: Robe              |     3 |     6 |    20 ||    29
Dodge: Dodged            |     9 |    14 |   100 ||   123
Block: Buckler           |       |       |    12 ||    12

Table legend: (Time is in decaauts)
 A = Elapsed time spent in this place.
 B = Non-inter-level travel time spent in this place.
 C = Inter-level travel time spent in this place.
 D = Time resting spent in this place.
 E = Time spent auto-exploring this place.
 F = Levels seen in this place.
 G = Mean time per level.
                   A        B        C        D        E       F      G
               +--------+--------+--------+--------+--------+-----+--------+
         Total |   6016 |   5875 |    141 |    455 |   4714 |   6 | 1002.7 |
       Dungeon |   6016 |   5875 |    141 |    455 |   4714 |   6 | 1002.7 |
               +--------+--------+--------+--------+--------+-----+--------+

Top non-repeatable levels by time:
     D:1: 1351 daAuts
     D:5: 1262 daAuts
     D:2: 1154 daAuts
     D:4: 1148 daAuts
     D:3: 701 daAuts
     D:6: 397 daAuts
